 Dungeon Crawl Stone Soup version 0.31-a0-202-g547052bce9 (webtiles) character file.

Game seed: 13306659365171611854

126 qw the Skirmisher (level 4, -2/25 HPs)
             Began as a Deep Elf Hunter on June 26, 2023.
             Succumbed to an orc wizard's poison
             ... on level 3 of the Dungeon.
             The game lasted 00:00:39 (1750 turns).

qw the Skirmisher (Deep Elf Hunter)                 Turns: 1750, Time: 00:00:40

Health: -2/25      AC:  6    Str: 10    XL:     4   Next: 84%
Magic:  6/6        EV: 11    Int: 14    God:
Gold:   208        SH:  0    Dex: 24    Spells: 3/3 levels left

rFire   + . .        Y - +0 shortbow
rCold   + . .        (shield currently unavailable)
rNeg    . . .        h - +0 ring mail
rPois   .            (no helmet)
rElec   .            i - scarf {rC+ rF+}
rCorr   .            b - +0 pair of gloves
SInv    .            (no boots)
Will    .....        (no amulet) Stlth
                     e - +6 ring of dexterity
HPRegen 0.24/turn    (no ring)
MPRegen 0.10/turn

%: no passive effects
@: confused, lethally poisoned (-2 -> -23)
A: no striking features
a: no special abilities


You were on level 3 of the Dungeon.
You visited 1 branch of the dungeon, and saw 3 of its levels.

You collected 208 gold pieces.


   Skills:
 - Level 1.5 Fighting
 - Level 8.1 Ranged Weapons
 + Level 2.8 Dodging
 - Level 1.2 Stealth


You had 3 spell levels left.
You didn't know any spells.
Your spell library was empty.

Inventory:

Hand Weapons
 Y - a +0 shortbow (weapon)
Armour
 b - a +0 pair of gloves (worn)
 h - a +0 ring mail (worn)
 i - a scarf of resistance (worn)
Jewellery
 e - a +6 ring of dexterity (left hand)
Scrolls
 a - 2 scrolls of identify
 c - a scroll of immolation {unknown}
Potions
 d - 2 potions of brilliance {unknown}
 f - a potion of magic {unknown}

Dungeon Overview and Level Annotations

Branches:
Dungeon (3/15)

Altars:


Message History

The orc hits you but does no damage. The orc barely misses you.
You feel less confused. The orc hits you with a +0 short sword.
The orc hits you but does no damage.
The orc wizard casts a spell.
The orc wizard flickers and vanishes!
Deactivating autopickup; reactivate with Ctrl-A.
You shoot an arrow.
The arrow hits the orc but does no damage.
The orc is lightly wounded.
The orc hits you but does no damage. x2; Something hits you but does no damage.
You are poisoned.
You shoot an arrow. The arrow barely misses the orc.
The arrow hits the orc.
The orc is lightly wounded.
You feel very sick. The orc hits you but does no damage.
Something hits you but does no damage. The orc barely misses you.
You shoot an arrow. The arrow hits the orc.
The orc is severely wounded.
You feel sick. The orc closely misses you. The orc hits you but does no damage.
Something hits you but does no damage.
You are lethally poisoned!
The orc barely misses you. Something hits you but does no damage.
You are more poisoned.
The orc completely misses you.
You shoot an arrow. The arrow hits the orc!
You kill the orc!
You feel very sick.
A ball python comes into view.
The orc barely misses you. Something hits you but does no damage.
You shoot an arrow. The arrow hits the orc!
You kill the orc!
You feel very sick.
You hear some strange, mumbled words.
You are confused.
The orc misses you.
You feel very sick. The orc barely misses you.
Something hits you but does no damage.
You are more poisoned.
You die...

### ## ..# . #.#.#
#.#.####. .# ~~~~~#
#####{oS..... .#
~~~~~# #....@)......
(##~~~~# #..'########'
.#~~~~~# #..#........#
.#~~~~~# #..#.'####+.
.#~~~~# ##..#.#....#
.#~~~~###.....#.#.##.#
..~~~~........#.#.##.#
##~~~~~######.#.#....#
#~~~~~# #.#.'####+.


You could see an orc and a ball python.

Vanquished Creatures
  An orc priest (D:2)
  An orc wizard (D:3)
  An adder (D:2)
  8 orcs
  3 ball pythons
  3 endoplasms
  5 giant cockroaches
  3 goblins
  A hobgoblin (D:1)
  7 jackals
  2 quokkas (D:1)
  3 bats
  4 frilled lizards
  5 kobolds (D:1)
  6 rats
53 creatures vanquished.

Notes
Turn   | Place    | Note
-------+----------+-------------------------------------------
     0 | D:1      | qw the Deep Elf Hunter began the quest for the Orb.
     0 | D:1      | Reached XP level 1. HP: 12/12 MP: 3/3
     0 | D:1      | 0 ||| qw: Version: 0.3-a-22-g0ed2b0b
     0 | D:1      | 0 ||| qw: Game counter: 5907
     0 | D:1      | 0 ||| qw: Melee chars always use a shield: true
     0 | D:1      | 0 ||| qw: God list: Okawaru
     0 | D:1      | 0 ||| qw: Allow faded altars: false
     0 | D:1      | 0 ||| qw: Do Orc after clearing Dungeon:15 true
     0 | D:1      | 0 ||| qw: Do second Lair branch before Depths: true
     0 | D:1      | 0 ||| qw: Lair rune preference: random
     0 | D:1      | 0 ||| qw: Goals: Normal
     0 | D:1      | 0 ||| PLANNING D:1-11
   120 | D:1      | Reached skill level 6 in Ranged Weapons
   120 | D:1      | Reached XP level 2. HP: 16/16 MP: 4/4
   457 | D:1      | Reached XP level 3. HP: 19/20 MP: 5/5
   675 | D:1      | 675 ||| UPGRADING to +0 ring mail.
   685 | D:1      | 685 ||| DROPPING +0 leather armour.
   686 | D:1      | 686 ||| UPGRADING to scarf of resistance.
   691 | D:1      | 691 ||| UPGRADING to +6 ring of dexterity.
   692 | D:1      | 692 ||| READING scroll labelled MUZ VUGERIQAOB.
   693 | D:1      | 693 ||| READING scroll labelled XOGOEB MOFRIA.
   694 | D:1      | 694 ||| DROPPING scroll of butterflies.
  1044 | D:2      | Reached skill level 7 in Ranged Weapons
  1463 | D:2      | 1463 ||| UPGRADING to +0 pair of gloves.
  1468 | D:2      | 1468 ||| READING 2 scrolls of identify.
  1468 | D:2      | 1468 ||| IDENTIFYING smoky yellow potion
  1469 | D:2      | 1469 ||| DROPPING potion of attraction.
  1502 | D:3      | 1502 ||| STAIRDANCE
  1508 | D:2      | Reached XP level 4. HP: 17/25 MP: 6/6
  1640 | D:3      | Reached skill level 8 in Ranged Weapons
  1748 | D:3      | HP: 5/25 [poisoned by an orc wizard]
  1750 | D:3      | Succumbed to an orc wizard's poison

Levels and vault maps discovered:
D:1:      psy_arrival_dodecagon, layout_basic
D:2:      layout_loops_corners
D:3:      wander_river, layout_loops_ring,
          grunt_temple_overflow_forces_of_nature, minivault_11

Skill      XL: |  1  2  3  4 |
---------------+-------------+-----
Ranged Weapons | 6 7 8 |  8.1
Fighting       | |  1.5
Dodging        | |  2.8
Stealth        | |  1.2

Action                     |  1- 3 |  4- 6 || total
---------------------------+-------+-------++-------
   Fire: Shortbow          |   100 |    43 ||   143
    Use: Scroll            |     3 |       ||     3
 Armour: Leather armour    |     5 |       ||     5
         Ring mail         |     1 |    15 ||    16
  Dodge: Dodged            |    26 |    18 ||    44

Table legend:
 A = Non-vault XP
 B = Vault XP
 C = Vault XP percentage of total XP
 D = Non-vault monster count
 E = Vault monster count
 F = Vault count percentage of total count
                 A         B        C        D         E       F
            +---------+---------+-------+---------+---------+-------
      Total |     181 |       0 |   0.0 |      53 |       0 |   0.0
            +---------+---------+-------+---------+---------+-------
        D:1 |      43 |       0 |   0.0 |      27 |       0 |   0.0
        D:2 |      74 |       0 |   0.0 |      13 |       0 |   0.0
        D:3 |      64 |       0 |   0.0 |      13 |       0 |   0.0
            +---------+---------+-------+---------+---------+-------
